TOP OF THE 1ST |
Williamsport Crosscutters batting - Pitching for Brooklyn Cyclones : RHP Fakhiri Rayhan
|
Pitching: RHP Fakhiri Rayhan
|
|
Batting: RHB Tony Perez
|
0-0: Bunted foul 0-1: Ball 1-1: Ball 2-1: Called Strike 2-2: SINGLE (Line Drive, 4MD, EV 98.1 MPH)
|
Batting: RHB Joe Hewitt
|
0-0: Ball Tony Perez steals 2nd base 1-0: Called Strike 1-1: Ball 2-1: Ball 3-1: Ground out 3-1 (Groundball, 34S, EV 83.8 MPH) Tony Perez to third
|
Batting: LHB Alex Fernandez
|
0-0: Called Strike 0-1: Ball 1-1: Fly out, F4 (Popup, 4M, EV 58.1 MPH)
|
Batting: RHB Allen Gravel
|
0-0: Foul Ball, location: 2F 0-1: Called Strike 0-2: Ball 1-2: Strikes out swinging
|
Top of the 1st over - 0 runs, 1 hit, 0 errors, 1 left on base; Williamsport 0 - Brooklyn 0 |
BOTTOM OF THE 1ST |
Brooklyn Cyclones batting - Pitching for Williamsport Crosscutters : RHP Justin Ashton
|
Pitching: RHP Justin Ashton
|
|
Batting: RHB Victor Roca
|
0-0: Ball 1-0: Ball 2-0: Ball 3-0: Base on Balls
|
Batting: RHB Matt Skipper
|
0-0: Called Strike 0-1: Ball 1-1: Ball 2-1: Foul Ball, location: 2F 2-2: Ball 3-2: Fly out, F4 (Flyball, 34D, EV 84.4 MPH)
|
Batting: RHB Jose Lara
|
0-0: Ball 1-0: Ball 2-0: Called Strike 2-1: Swinging Strike 2-2: Ball 3-2: DOUBLE (Line Drive, 5D, EV 103.1 MPH) Victor Roca to third Victor Roca scores
|
Batting: RHB Danny Runberg
|
0-0: Called Strike 0-1: Foul Ball, location: 2F 0-2: Strikes out swinging
|
Batting: RHB Mike Hanks
|
0-0: Foul Ball, location: 2F 0-1: Fly out, F6 (Line Drive, 6, EV 66.2 MPH)
|
Bottom of the 1st over - 1 run, 1 hit, 0 errors, 1 left on base; Williamsport 0 - Brooklyn 1 |
TOP OF THE 2ND |
Williamsport Crosscutters batting - Pitching for Brooklyn Cyclones : RHP Fakhiri Rayhan
|
Batting: LHB Eric Farren
|
0-0: Called Strike 0-1: DOUBLE (Line Drive, 9LM, EV 106.2 MPH)
|
Batting: RHB Alan Weller
|
0-0: SINGLE (Groundball, 13, EV 83.8 MPH) (infield hit) Eric Farren to third
|
Batting: RHB Trent Hedrick
|
0-0: Swinging Strike 0-1: Fielders Choice at 2nd, 5-4 (Groundball, 5, EV 106.2 MPH) Eric Farren scores
|
Batting: RHB Jake Cox
|
0-0: Called Strike 0-1: Ball 1-1: Ball 2-1: Foul Ball, location: 2F 2-2: Foul Ball, location: 2F 2-2: Ball 3-2: Fielders Choice at 2nd, 6-4 (Groundball, 6, EV 106.9 MPH)
|
Batting: RHB Jose Corral
|
0-0: Ball Jake Cox is caught stealing 2nd base 2-4
|
Top of the 2nd over - 1 run, 2 hits, 0 errors, 0 left on base; Williamsport 1 - Brooklyn 1 |
BOTTOM OF THE 2ND |
Brooklyn Cyclones batting - Pitching for Williamsport Crosscutters : RHP Justin Ashton
|
Batting: RHB David Kunze
|
0-0: Called Strike 0-1: Foul Ball, location: 2F 0-2: Strikes out looking
|
Batting: RHB Chris Artz
|
0-0: Ball 1-0: Ball 2-0: Ball 3-0: Called Strike 3-1: Foul Ball, location: 2F 3-2: Strikes out swinging
|
Batting: RHB Louwe Starmans
|
0-0: Ball 1-0: Ball 2-0: Ball 3-0: Base on Balls
|
Batting: RHB Junki Nakamoto
|
0-0: Ground out 4-3 (Groundball, 4M, EV 103.1 MPH)
|
Bottom of the 2nd over - 0 runs, 0 hits, 0 errors, 1 left on base; Williamsport 1 - Brooklyn 1 |
TOP OF THE 3RD |
Williamsport Crosscutters batting - Pitching for Brooklyn Cyclones : RHP Fakhiri Rayhan
|
Batting: RHB Jose Corral
|
0-0: Ball 1-0: Ground out 5-3 (Groundball, 56S, EV 75.0 MPH)
|
Batting: RHB Tony Perez
|
0-0: Foul Ball, location: 2F 0-1: Ball 1-1: Foul Ball, location: 2F 1-2: Fly out, F9 (Flyball, 9LM, EV 84.4 MPH)
|
Batting: RHB Joe Hewitt
|
0-0: Ball 1-0: Reached on error, E7 (Flyball, 7S, EV 89.4 MPH)
|
Batting: LHB Alex Fernandez
|
0-0: Called Strike 0-1: Ball 1-1: Called Strike 1-2: Strikes out swinging
|
Top of the 3rd over - 0 runs, 0 hits, 1 error, 1 left on base; Williamsport 1 - Brooklyn 1 |
BOTTOM OF THE 3RD |
Brooklyn Cyclones batting - Pitching for Williamsport Crosscutters : RHP Justin Ashton
|
Batting: RHB Victor Roca
|
0-0: Ball 1-0: Ground out 6-3 (Groundball, 4M, EV 107.5 MPH)
|
Batting: RHB Matt Skipper
|
0-0: Ball 1-0: Ball 2-0: Swinging Strike 2-1: Called Strike 2-2: Strikes out looking
|
Batting: RHB Jose Lara
|
0-0: Called Strike 0-1: Swinging Strike 0-2: Foul Ball, location: 2F 0-2: Ball 1-2: Strikes out swinging
|
Bottom of the 3rd over - 0 runs, 0 hits, 0 errors, 0 left on base; Williamsport 1 - Brooklyn 1 |
TOP OF THE 4TH |
Williamsport Crosscutters batting - Pitching for Brooklyn Cyclones : RHP Fakhiri Rayhan
|
Batting: RHB Allen Gravel
|
0-0: Ball 1-0: Ball 2-0: SINGLE (Groundball, 34D, EV 107.5 MPH)
|
Batting: LHB Eric Farren
|
0-0: Foul Ball, location: 2F 0-1: Ball 1-1: Called Strike 1-2: Strikes out swinging
|
Batting: RHB Alan Weller
|
0-0: Called Strike 0-1: Swinging Strike 0-2: Fielders Choice at 2nd, 6-4 (Groundball, 6, EV 106.2 MPH)
|
Batting: RHB Trent Hedrick
|
0-0: Ball Alan Weller steals 2nd base 1-0: Ball 2-0: Ground out 4-3 (Groundball, 4M, EV 91.2 MPH)
|
Top of the 4th over - 0 runs, 1 hit, 0 errors, 1 left on base; Williamsport 1 - Brooklyn 1 |
BOTTOM OF THE 4TH |
Brooklyn Cyclones batting - Pitching for Williamsport Crosscutters : RHP Justin Ashton
|
Batting: RHB Danny Runberg
|
0-0: Foul Ball, location: 2F 0-1: Called Strike 0-2: Strikes out swinging
|
Batting: RHB Mike Hanks
|
0-0: Ball 1-0: Swinging Strike 1-1: Ground out 6-3 (Groundball, 6, EV 81.2 MPH)
|
Batting: RHB David Kunze
|
0-0: Ball 1-0: Foul Ball, location: 2F 1-1: Swinging Strike 1-2: Strikes out swinging
|
Bottom of the 4th over - 0 runs, 0 hits, 0 errors, 0 left on base; Williamsport 1 - Brooklyn 1 |
TOP OF THE 5TH |
Williamsport Crosscutters batting - Pitching for Brooklyn Cyclones : RHP Fakhiri Rayhan
|
Batting: RHB Jake Cox
|
0-0: Ball 1-0: Ball 2-0: Ball 3-0: Called Strike 3-1: Called Strike 3-2: Foul Ball, location: 2F 3-2: Foul Ball, location: 2F 3-2: Fly out, F7 (Flyball, 78XD, EV 111.2 MPH)
|
Batting: RHB Jose Corral
|
0-0: SINGLE (Groundball, 56D, EV 105.0 MPH)
|
Batting: RHB Tony Perez
|
0-0: Ball 1-0: SINGLE (Groundball, 56D, EV 107.5 MPH) Jose Corral to second
|
Batting: RHB Joe Hewitt
|
0-0: Called Strike 0-1: Ball 1-1: Foul Ball, location: 2F 1-2: Foul Ball, location: 2F 1-2: Foul Ball, location: 2F 1-2: Strikes out swinging
|
Batting: LHB Alex Fernandez
|
0-0: Ball 1-0: Reached on error, E4 (Groundball, 4S, EV 70.6 MPH) Jose Corral to third Tony Perez to second
|
Batting: RHB Allen Gravel
|
0-0: Called Strike 0-1: Fly out, F9 (Flyball, 9, EV 92.5 MPH)
|
Top of the 5th over - 0 runs, 2 hits, 1 error, 3 left on base; Williamsport 1 - Brooklyn 1 |
BOTTOM OF THE 5TH |
Brooklyn Cyclones batting - Pitching for Williamsport Crosscutters : RHP Justin Ashton
|
Batting: RHB Chris Artz
|
0-0: Foul Ball, location: 2F 0-1: Ball 1-1: SINGLE (Groundball, 6MD, EV 97.5 MPH)
|
Batting: RHB Louwe Starmans
|
0-0: Ball 1-0: Ball 2-0: Called Strike 2-1: Swinging Strike 2-2: SINGLE (Groundball, 4MD, EV 115.0 MPH) Chris Artz to second Runner from 2nd tries for 3rd, SAFE, throw by CF made to third
|
Batting: RHB Junki Nakamoto
|
0-0: Foul Ball, location: 2F 0-1: Ball 1-1: SINGLE (Groundball, 34, EV 103.1 MPH) (infield hit) Chris Artz scores Louwe Starmans to second
|
Batting: RHB Victor Roca
|
0-0: Swinging Strike 0-1: Ground out U3 (Groundball, 34S, EV 80.0 MPH) Louwe Starmans to third Junki Nakamoto to second
|
Batting: RHB Matt Skipper
|
0-0: Ball 1-0: Ground out U3 (Groundball, 3S, EV 90.0 MPH)
|
Batting: RHB Jose Lara
|
0-0: Ball 1-0: Foul Ball, location: 2F 1-1: Ball 2-1: Fly out, F8 (Flyball, 8LS, EV 73.8 MPH)
|
Bottom of the 5th over - 1 run, 3 hits, 0 errors, 2 left on base; Williamsport 1 - Brooklyn 2 |
TOP OF THE 6TH |
Williamsport Crosscutters batting - Pitching for Brooklyn Cyclones : RHP Fakhiri Rayhan
|
Batting: LHB Eric Farren
|
0-0: Called Strike 0-1: SINGLE (Groundball, 4MD, EV 98.1 MPH)
|
Batting: RHB Alan Weller
|
0-0: Called Strike Eric Farren steals 2nd base 0-1: Swinging Strike 0-2: Fly out, F4 (Popup, 34, EV 65.6 MPH)
|
Batting: RHB Trent Hedrick
|
0-0: Ball 1-0: Called Strike 1-1: Ball Balk! Eric Farren to third 2-1: Called Strike 2-2: Ground out 6-3 (Groundball, 6MS, EV 78.1 MPH)
|
Batting: RHB Jake Cox
|
0-0: Called Strike 0-1: Ball 1-1: Ball 2-1: Called Strike 2-2: Foul Ball, location: 2F 2-2: Foul Ball, location: 2F 2-2: Strikes out swinging
|
Top of the 6th over - 0 runs, 1 hit, 0 errors, 1 left on base; Williamsport 1 - Brooklyn 2 |
BOTTOM OF THE 6TH |
Brooklyn Cyclones batting - Pitching for Williamsport Crosscutters : RHP Justin Ashton
|
Batting: RHB Danny Runberg
|
0-0: Ball 1-0: Called Strike 1-1: Ball 2-1: Fly out, F8 (Flyball, 89M, EV 71.9 MPH)
|
Pitching: RHP Junzo Fujii
|
|
Batting: RHB Mike Hanks
|
0-0: Called Strike 0-1: Foul Ball, location: 2F 0-2: Strikes out looking
|
Batting: RHB David Kunze
|
0-0: Foul Ball, location: 2F 0-1: Ball 1-1: Swinging Strike 1-2: Strikes out swinging
|
Bottom of the 6th over - 0 runs, 0 hits, 0 errors, 0 left on base; Williamsport 1 - Brooklyn 2 |
TOP OF THE 7TH |
Williamsport Crosscutters batting - Pitching for Brooklyn Cyclones : RHP Fakhiri Rayhan
|
Batting: RHB Jose Corral
|
0-0: Called Strike 0-1: Called Strike 0-2: Foul Ball, location: 2F 0-2: SINGLE (Flyball, 7LS, EV 92.5 MPH)
|
Batting: RHB Tony Perez
|
0-0: Sac Bunt to 13 - play at first, batter OUT! 1-4 Jose Corral to second
|
Batting: RHB Joe Hewitt
|
0-0: Ball 1-0: SINGLE (Line Drive, 9S, EV 88.8 MPH) Jose Corral to third Runner from 3rd tries for Home, SAFE, throw by RF to home
|
Batting: LHB Alex Fernandez
|
0-0: Called Strike Joe Hewitt steals 2nd, throwing error, E2 Joe Hewitt to third 0-1: Swinging Strike 0-2: Strikes out swinging, 2-3 out at first.
|
Pitching: RHP Jarred Sharp
|
|
Batting: RHB Allen Gravel
|
0-0: Ball 1-0: Called Strike 1-1: Ball 2-1: Foul Ball, location: 2F 2-2: DOUBLE (Flyball, 89D, EV 103.8 MPH) Joe Hewitt scores
|
Batting: LHB Eric Farren
|
0-0: Swinging Strike 0-1: Foul Ball, location: 2F 0-2: Ball 1-2: Strikes out looking
|
Top of the 7th over - 2 runs, 3 hits, 1 error, 1 left on base; Williamsport 3 - Brooklyn 2 |
BOTTOM OF THE 7TH |
Brooklyn Cyclones batting - Pitching for Williamsport Crosscutters : RHP Junzo Fujii
|
Batting: RHB Chris Artz
|
0-0: Foul Ball, location: 2F 0-1: Foul Ball, location: 2F 0-2: Foul Ball, location: 2F 0-2: Strikes out swinging
|
Pinch Hitting: SHB Alex Cavazos
|
0-0: Ball 1-0: Reached on error, E6 (Groundball, 6, EV 97.5 MPH)
|
Batting: RHB Junki Nakamoto
|
0-0: Ball 1-0: Foul Ball, location: 2F 1-1: Swinging Strike 1-2: Strikes out swinging
|
Pinch Hitting: LHB Tom Prayer
|
0-0: Ball 1-0: Called Strike 1-1: Fly out, F8 (Flyball, 8LM, EV 91.9 MPH)
|
Bottom of the 7th over - 0 runs, 0 hits, 1 error, 1 left on base; Williamsport 3 - Brooklyn 2 |
TOP OF THE 8TH |
Williamsport Crosscutters batting - Pitching for Brooklyn Cyclones : RHP Jarred Sharp
|
Now at 2B: Tom Prayer
|
|
Now at 3B: Jose Lara
|
|
Now in RF: Alex Cavazos
|
|
Batting: RHB Alan Weller
|
0-0: Ball 1-0: Swinging Strike 1-1: Ball 2-1: Swinging Strike 2-2: Ball 3-2: Strikes out swinging
|
Batting: RHB Trent Hedrick
|
0-0: Ground out 1-3 (Groundball, 25, EV 76.2 MPH)
|
Batting: RHB Jake Cox
|
0-0: Called Strike 0-1: Called Strike 0-2: Ball 1-2: Ball 2-2: Strikes out swinging
|
Top of the 8th over - 0 runs, 0 hits, 0 errors, 0 left on base; Williamsport 3 - Brooklyn 2 |
BOTTOM OF THE 8TH |
Brooklyn Cyclones batting - Pitching for Williamsport Crosscutters : RHP Junzo Fujii
|
Batting: RHB Matt Skipper
|
0-0: Called Strike 0-1: Ground out 6-3 (Groundball, 6, EV 91.9 MPH)
|
Batting: RHB Jose Lara
|
0-0: Ball 1-0: Ball 2-0: Ground out U3 (Groundball, 3, EV 90.0 MPH)
|
Batting: RHB Danny Runberg
|
0-0: Ball 1-0: Foul Ball, location: 2F 1-1: Foul Ball, location: 2F 1-2: Foul Ball, location: 2F 1-2: Ball 2-2: Foul Ball, location: 2F 2-2: Strikes out looking
|
Bottom of the 8th over - 0 runs, 0 hits, 0 errors, 0 left on base; Williamsport 3 - Brooklyn 2 |
TOP OF THE 9TH |
Williamsport Crosscutters batting - Pitching for Brooklyn Cyclones : RHP Jarred Sharp
|
Pitching: LHP Jonathan O'Donnell
|
|
Batting: RHB Jose Corral
|
0-0: SINGLE (Groundball, 4MD, EV 100.6 MPH)
|
Batting: RHB Tony Perez
|
0-0: Bunt missed! 0-1: Bunted foul 0-2: Ball 1-2: Fielders Choice at 2nd, 4-6 (Groundball, 4, EV 108.1 MPH)
|
Batting: RHB Joe Hewitt
|
0-0: Ball Tony Perez is caught stealing 2nd base 2-4 1-0: DOUBLE (Line Drive, 5D, EV 98.1 MPH)
|
Pinch Hitting: RHB Antonio Medina
|
0-0: Ball 1-0: Ball 2-0: Ball 3-0: Called Strike 3-1: Fly out, F8 (Flyball, 78S, EV 83.8 MPH)
|
Top of the 9th over - 0 runs, 2 hits, 0 errors, 1 left on base; Williamsport 3 - Brooklyn 2 |
BOTTOM OF THE 9TH |
Brooklyn Cyclones batting - Pitching for Williamsport Crosscutters : RHP Junzo Fujii
|
Pitching: RHP Tyler Bach
|
|
Now in RF: Jimmy Misener
|
|
Pinch Hitting: RHB Tomas Raya
|
0-0: Foul Ball, location: 2F 0-1: SINGLE (Flyball, 7LS, EV 91.2 MPH)
|
Batting: RHB David Kunze
|
0-0: Ground out 4-3 (Groundball, 4MD, EV 101.9 MPH) Tomas Raya to second
|
Batting: RHB Chris Artz
|
0-0: Foul Ball, location: 2F 0-1: Called Strike 0-2: Ball 1-2: Strikes out swinging
|
Batting: SHB Alex Cavazos
|
0-0: Ball 1-0: Foul Ball, location: 2F 1-1: Ball 2-1: Ground out 4-3 (Groundball, 4, EV 82.5 MPH)
|
Bottom of the 9th over - 0 runs, 1 hit, 0 errors, 1 left on base; Williamsport 3 - Brooklyn 2 |
|